 Dungeon Crawl Stone Soup version 0.21.1-1-g345015f (webtiles) character file.

346 Supreme the Chiller (level 6, -3/42 HPs)
             Began as a Vampire Ice Elementalist on Apr 22, 2018.
             Killed from afar by an orc wizard (9 damage)
             ... with a magic dart
             ... on level 4 of the Dungeon.
             The game lasted 00:26:46 (2175 turns).

Supreme the Chiller (Vampire Ice Elementalist)      Turns: 2175, Time: 00:26:47

Health: -3/42      AC:  2    Str:  7    XL:     6   Next: 32%
Magic:  1/11       EV: 13    Int: 19    God:
Gold:   136        SH:  0    Dex: 15    Spells: 6/12 levels left

rFire    . . .     SeeInvis +   r - +0 dagger
rCold    . . .     Gourm    .   (no shield)
rNeg     + . .     Faith    .   a - +0 robe
rPois    .         Spirit   .   (no helmet)
rElec    .         Reflect  .   (no cloak)
rCorr    .         Harm     .   (no gloves)
MR       .....                  (no boots)
Stlth    +++.......             g - amulet of regeneration
HPRegen  0.74/turn              q - ring of flight
MPRegen  0.12/turn              s - ring of positive energy

@: regenerating quickly
A: fangs 3, see invisible, unbreathing
a: Evoke Flight


You were on level 4 of the Dungeon.
You were very full.

You visited 1 branch of the dungeon, and saw 4 of its levels.

You collected 136 gold pieces.

Inventory:

Hand Weapons
 m - a +0 spear
 r - a +0 dagger (weapon)
 t - a +0 falchion
Missiles
 j - 44 arrows
Armour
 a - a +0 robe (worn)
 l - a +0 large shield
Jewellery
 g - an amulet of regeneration (around neck)
 q - a ring of flight (left hand)
 s - a ring of positive energy (right hand)
Scrolls
 d - 4 scrolls of identify {unknown}
 e - a scroll of noise {unknown}
 h - a scroll of teleportation {unknown}
 p - a scroll of immolation {unknown}
Potions
 c - 11 potions of blood
 f - 2 potions of lignification {unknown}
 i - 2 potions of agility {unknown}
 k - a potion of heal wounds {unknown}
 n - 2 potions of curing {unknown}
 o - a potion of cancellation {unknown}
Books
 b - a book of Frost

   Spells                             Type                      Level
   a - Freeze                         Ice                          1
   b - Throw Frost                    Conjuration/Ice              2
   c - Ozocubu's Armour               Charms/Ice                   3
   d - Throw Icicle                   Conjuration/Ice              4
   e - Summon Ice Beast               Ice/Summoning                4


   Skills:
 + Level 0.9 Fighting
 + Level 1.1 Short Blades
 + Level 3.1 Dodging
 + Level 4.2 Stealth
 + Level 3.8 Spellcasting
 + Level 0.7 Conjurations
 + Level 0.9 Charms
 + Level 4.7 Ice Magic
 + Level 0.1 Evocations


You had 6 spell levels left.
You knew the following spells:

 Your Spells              Type           Power        Failure   Level  Hunger
a - Freeze                Ice            ###.         1%          1    None
b - Throw Frost           Conj/Ice       ##....       7%          2    ##.....
c - Ozocubu's Armour      Chrm/Ice       ##......     13%         3    ###....


Dungeon Overview and Level Annotations

Branches:
Dungeon (4/15)
 Temple: D:4-7

Altars:
Dithmenos
Fedhas
Hepliaklqana
Uskayaw
Vehumet


Innate Abilities, Weirdness & Mutations

Your natural rate of healing is unusually fast.
You have razor-sharp teeth.
You have supernaturally acute eyesight. (SInv)
You can survive without breathing.


Message History

The orc wizard mumbles some strange words.
The orc wizard blinks!
The orc wizard points at you and mumbles some strange words.
The puff of flame hits you!
The orc wizard hits you but does no damage.
The orc wizard hits you but does no damage.
The orc wizard casts a spell.
The orc wizard flickers and vanishes for a moment.
The orc wizard barely misses you.
The orc wizard looks satisfied for a moment.
The orc wizard hits you with a dagger.
* * * LOW HITPOINT WARNING * * *
Found a golden potion.
Unknown command.
The orc wizard casts a spell at you. The magic dart hits you!
* * * LOW HITPOINT WARNING * * *
The orc wizard casts a spell at you. The magic dart hits you!
You die...

#...............
#............... .......
#............... .......
#............... .......
#.....##..###### .......
#.....##..###..##.....!.
#..÷.>##....#...........
#...........#...........
#...........#.o.@...<.....
#.....##..###oo##........
#.....###+###..##..[.<..#
#......+ #.........†..#
#......# #............#
#.....## ##..##.......#
#.>...#######..##.......#
#......+.......#........#
#......#.......+o......<#


You could see 2 orc wizards and an orc.

Vanquished Creatures
  A big kobold (D:4)
  A crimson imp (D:3)
  2 orc priests
  An orc wizard (D:4)
  8 gnolls
  An adder (D:2)
  An ooze (D:2)
  2 dart slugs (D:1)
  3 leopard geckos
  8 orcs
  A ball python (D:3)
  7 giant cockroaches
  5 hobgoblins
  4 kobolds
  9 bats
  5 frilled lizards
  6 goblins
  4 rats
69 creatures vanquished.

Notes
Turn   | Place    | Note
-------+----------+-------------------------------------------
     0 | D:1      | Supreme the Vampire Ice Elementalist began the quest for the Orb.
     0 | D:1      | Reached XP level 1. HP: 13/13 MP: 3/3
   162 | D:1      | Reached XP level 2. HP: 19/19 MP: 3/5
   570 | D:2      | Reached XP level 3. HP: 24/24 MP: 0/6
   823 | D:2      | Found a hazy altar of Hepliaklqana.
  1160 | D:2      | Reached XP level 4. HP: 30/30 MP: 5/8
  1175 | D:2      | Found a radiant altar of Vehumet.
  1175 | D:2      | Found a shadowy altar of Dithmenos.
  1242 | D:3      | Learned a level 2 spell: Throw Frost
  1246 | D:3      | Learned a level 3 spell: Ozocubu's Armour
  1411 | D:3      | Found a blossoming altar of Fedhas.
  1511 | D:3      | Reached XP level 5. HP: 25/35 MP: 1/9
  1630 | D:3      | Noticed a hand axe
  1631 | D:3      | Noticed an enchanted hand axe
  1636 | D:3      | Found a hide-covered altar of Uskayaw.
  1971 | D:3      | Reached skill level 1 in Short Blades
  2101 | D:4      | Reached XP level 6. HP: 42/42 MP: 0/11
  2175 | D:4      | Killed from afar by an orc wizard

Skill      XL: |  1  2  3  4  5 |
---------------+----------------+-----
Ice Magic      | 4 |  4.7
Spellcasting   | 3 |  3.8
Stealth        | 4 |  4.2
Short Blades   | 1 |  1.1
Dodging        | 3 |  3.1
Fighting       | |  0.9
Conjurations   | |  0.7
Charms         | |  0.9
Evocations     | |  0.1

Action                   |  1- 3 |  4- 6 || total
-------------------------+-------+-------++-------
Melee: Hand axe          |    20 |       ||    20
       Dagger            |    17 |   108 ||   125
       Bite              |     3 |    17 ||    20
       Spear             |     2 |       ||     2
 Cast: Freeze            |    44 |    38 ||    82
       Throw Frost       |       |    10 ||    10
       Ozocubu's Armour  |       |     4 ||     4
 Abil: Evoke Flight      |       |     1 ||     1
 Stab: Sleeping          |       |     3 ||     3
  Eat: Corpse            |     5 |    10 ||    15
Armor: Robe              |    15 |    26 ||    41
Dodge: Dodged            |    74 |    75 ||   149
